 Dungeon Crawl Stone Soup version 0.25.0-41-g26779e291d (webtiles) character file.

Game seed: 3164833085025263159

3360 Kold the Cleaver (level 10, -4/70 HPs)
             Began as a Formicid Fighter on July 10, 2020.
             Was a Priest of Makhleb.
             Slain by Gastronok (23 damage)
             ... on level 8 of the Dungeon.
             The game lasted 00:16:10 (8007 turns).

Kold the Cleaver (Formicid Fighter)                 Turns: 8007, Time: 00:16:11

Health: -4/70      AC: 14    Str: 24    XL:     10   Next: 23%
Magic:  15/15      EV:  8    Int:  8    God:    Makhleb [***...]
Gold:   534        SH: 12    Dex: 10    Spells: 9/9 levels left

rFire    . . .     SeeInvis +   j - +5 flail
rCold    + . .     Gourm    .   c - +1 kite shield
rNeg     . . .     Faith    .   E - +0 plate armour
rPois    .         Spirit   .   (helmet unavailable)
rElec    .         Reflect  .   u - +0 cloak
rCorr    .         Harm     .   (no gloves)
MR       +....                  z - +0 pair of boots
Stlth    ..........             (no amulet)
HPRegen  0.21/turn              q - ring of protection from cold
MPRegen  0.14/turn              x - ring of see invisible

@: no status effects
A: permanent stasis, dig shafts and tunnels, four strong arms, antennae 3
a: Dig, Shaft Self, Minor Destruction, Lesser Servant of Makhleb, Renounce
Religion


You were on level 8 of the Dungeon.
You worshipped Makhleb.
Makhleb was most pleased with you.
You were hungry.

You visited 1 branch of the dungeon, and saw 9 of its levels.
You also visited: Ossuary.

You collected 534 gold pieces.

Inventory:

Hand Weapons
 a - a +0 war axe
 j - a +5 flail (weapon)
 F - the +6 whip of the Heavens {vorpal, *Rage +Blink rElec rC+}
   (You found it on level 7 of the Dungeon)

   It inflicts extra damage upon your enemies.
   It protects you from cold.
   It insulates you from electricity.
   It lets you blink.
   It may make you go berserk in combat.
Armour
 b - a +0 scale mail
 c - a +1 kite shield (worn)
 u - a +0 cloak (worn)
 z - a +0 pair of boots (worn)
 E - a +0 plate armour (worn)
Jewellery
 e - an uncursed ring of protection from cold
 g - an uncursed ring of ice
 o - an uncursed ring of flight
 q - a ring of protection from cold (left hand)
 v - a +6 ring of intelligence
 x - a ring of see invisible (right hand)
 B - an uncursed amulet of magic regeneration {unknown}
Wands
 t - a wand of flame (22)
 D - a wand of enslavement (6)
Scrolls
 k - 2 scrolls of amnesia
 l - 2 scrolls of enchant weapon
 m - 10 scrolls of identify
 p - 3 scrolls of enchant armour
 r - 3 scrolls of fog {unknown}
 y - 2 scrolls of fear {unknown}
 A - a scroll of noise {unknown}
 C - 5 scrolls of teleportation
 H - a scroll of remove curse
Potions
 d - a potion of might
 h - 4 potions of curing
 i - a potion of haste {unknown}
 n - 4 potions of heal wounds {unknown}
 s - a potion of flight {unknown}
 w - 5 potions of mutation {unknown}
 G - 2 potions of stabbing {unknown}
Comestibles
 f - 10 rations
 I - 4 chunks of flesh


   Skills:
 - Level 3.2 Fighting
 * Level 9.5 Axes
 + Level 5.0 Armour
 + Level 2.8 Dodging
 - Level 9.0 Shields
 + Level 7.0 Invocations


You had 9 spell levels left.
You didn't know any spells.
Your spell library contained the following spells:

 Spells                   Type           Power        Failure   Level  Hunger
 Animate Skeleton         Necr           N/A          100%        1    ##.....
 Foxfire                  Conj/Fire      #...         100%        1    ##.....
 Pain                     Necr           #...         100%        1    ##.....
 Conjure Flame            Conj/Fire      #.......     100%        3    ####...
 Inner Flame              Hex/Fire       #.......     100%        3    ####...
 Vampiric Draining        Necr           #.........   100%        3    ####...
 Animate Dead             Necr           N/A          100%        4    #####..
 Sticky Flame             Conj/Fire      #.......     100%        4    #####..
 Agony                    Necr           #.......     100%        5    ######.
 Fireball                 Conj/Fire      #.........   100%        5    ######.


Dungeon Overview and Level Annotations

Branches:
Dungeon (9/15)             Temple (0/1) D:7         Ossuary (visited)
   Lair: D:8-11         Orc: D:9-12

Altars:
Elyvilon
Kikubaaqudgha
Makhleb
Trog
Vehumet
Wu Jian
Xom
The Shining One

Shops:
D:5 *

Annotations:
D:3 2 transporters, IHuginn's ghost, amateur OpAs
D:4 exclusion: statue
D:7 1 runed translucent door, Harold; SamuraiZach's ghost, novice TrFi
D:8 Gastronok; Maurice


Innate Abilities, Weirdness & Mutations

You cannot be hasted, slowed, berserked, paralysed or teleported.
You can dig through walls and to a lower floor.
Your four strong arms can wield two-handed weapons with a shield.
You have a pair of large antennae on your head. (SInv)


Message History

You sock Gastronok!
Gastronok is heavily wounded.
You thump Gastronok!
Gastronok is heavily wounded.
Gastronok bites you!
You hit Gastronok.
Gastronok is heavily wounded.
Gastronok waves his eye-stalks in wide circles.
The air twists around and strikes you!!
You hit Gastronok.
Gastronok is heavily wounded.
You hit Gastronok.
Gastronok is heavily wounded.
Gastronok bites you!!
* * * LOW HITPOINT WARNING * * *
You feel better.
Are you sure you want to shaft yourself?
You are feeling hungry.
Gastronok bites you!!
You die...

#.......##.# #^#
##.......##.# #.#
######........+..###.#
#....#........#......#
+.............#.######
#......######.w.#
#......######.#.##
#...........#.##w#
##.....#####.#.#@## ...
.......#####.#.### #.#
......รท............{...
{{
#####.<#####.#.######.#
#.# #.................
#.# #.. {
#####.###.....##.# #.#
... #.#
#.#.#.##{###.###.# ...
........@5h....#.#+#####
##.##
###.##.##5##.#........


You could see Gastronok (swift).

Vanquished Creatures
  A troll (D:8)
  A hippogriff (D:7)
  Sigmund (D:2)
  A hungry ghost (D:8)
  An ice beast (D:6)
  A sky beast (D:8)
  A black bear (D:6)
  2 slaves (D:8)
  2 phantoms (D:6)
  A necrophage (D:8)
  2 ogres
  A centaur (D:3)
  A wolf (D:8)
  A crocodile (D:8)
  3 bullfrogs (D:6)
  A water moccasin skeleton (D:5)
  A howler monkey (D:4)
  A vampire bat (D:6)
  4 crimson imps
  2 bullfrog zombies
  7 hounds
  A quasit (D:9)
  4 jellies
  2 orc priests
  A bullfrog skeleton (D:4)
  A human zombie (Ossuary)
  Crazy Yiuf (D:2)
  An iguana (D:5)
  8 worker ants
  3 hound zombies
  A hound skeleton (D:5)
  3 mummies
  A worker ant zombie (D:9)
  Robin (D:2)
  A howler monkey skeleton (D:7)
  12 adders
  3 gnolls (D:8)
  2 shadow imps
  An adder skeleton (D:8)
  2 worms
  3 dart slugs
  4 leopard geckos
  11 orcs
  3 bat skeletons (D:6)
  4 bat zombies (D:6)
  5 giant cockroaches
  17 goblins
  13 hobgoblins
  4 jackals
  2 quokkas
  2 ball pythons
  11 bats
  5 frilled lizards
  A goblin zombie (Ossuary)
  A jackal zombie (D:7)
  13 kobolds
  A kobold zombie (D:8)
  A leopard gecko skeleton (D:5)
  2 orc zombies
  A quokka zombie (D:5)
  6 rats
195 creatures vanquished.

Vanquished Creatures (collateral kills)
  2 elf zombies (Ossuary)
  A human zombie (Ossuary)
  A big kobold zombie (Ossuary)
  2 mummies (Ossuary)
  A goblin zombie (Ossuary)
  An orc zombie (Ossuary)
  2 rat zombies (Ossuary)
10 creatures vanquished.

Vanquished Creatures (others)
  A wizard (D:7)
  A worker ant (D:9)
2 creatures vanquished.

Grand Total: 207 creatures vanquished

Notes
Turn   | Place    | Note
-------+----------+-------------------------------------------
     0 | D:1      | Kold the Formicid Fighter began the quest for the Orb.
     0 | D:1      | Reached XP level 1. HP: 18/18 MP: 1/1
   250 | D:1      | Reached XP level 2. HP: 23/24 MP: 2/2
   655 | D:2      | Reached XP level 3. HP: 29/29 MP: 3/3
   891 | D:2      | Noticed Sigmund
   904 | D:2      | Killed Sigmund
   904 | D:2      | Reached skill level 5 in Shields
   904 | D:2      | Reached XP level 4. HP: 11/35 MP: 4/4
   904 | D:2      | Reached XP level 5. HP: 13/41 MP: 5/5
  1248 | D:2      | Found a burning altar of Makhleb.
  1248 | D:2      | Noticed a balrug
  1251 | D:2      | Noticed a neqoxec
  1251 | D:2      | Noticed a smoke demon
  1253 | D:2      | Became a worshipper of Makhleb the Destroyer
  1352 | D:2      | Noticed Robin
  1356 | D:2      | Reached XP level 6. HP: 46/47 MP: 6/6
  1365 | D:2      | Killed Robin
  1719 | D:2      | Found a runed translucent door.
  1720 | D:2      | Noticed Crazy Yiuf
  1728 | D:2      | Killed Crazy Yiuf
  1964 | D:3      | You fall into a shaft and drop 3 floors!
  2254 | D:6      | Found an ancient bone altar of Kikubaaqudgha.
  2273 | D:6      | Reached * piety under Makhleb
  2513 | D:6      | Noticed a black bear
  2523 | D:6      | Killed a black bear
  2523 | D:6      | Reached skill level 5 in Axes
  2523 | D:6      | Reached XP level 7. HP: 44/52 MP: 7/7
  2672 | D:5      | Entered Level 5 of the Dungeon
  2959 | D:5      | Reached XP level 8. HP: 55/58 MP: 8/8
  3015 | D:5      | Found Zati's General Store.
  3465 | D:3      | Found a transporter.
  3732 | D:3      | Found a transporter.
  3733 | D:3      | Noticed IHuginn's ghost (amateur OpAs)
  3898 | D:3      | Reached ** piety under Makhleb
  3972 | D:3      | Found an ornate altar of the Wu Jian Council.
  3979 | D:3      | Reached skill level 1 in Invocations
  4919 | D:4      | Found a radiant altar of Vehumet.
  5536 | D:5      | Found a glowing golden altar of the Shining One.
  5807 | D:5      | Reached XP level 9. HP: 64/64 MP: 11/11
  5836 | D:5      | Found a white marble altar of Elyvilon.
  5949 | D:5      | Found a shimmering altar of Xom.
  6258 | D:6      | Reached skill level 5 in Invocations
  6279 | D:6      | Reached *** piety under Makhleb
  6788 | D:7      | Found a staircase to the Ecumenical Temple.
  6886 | D:7      | Found a bloodstained altar of Trog.
  6887 | D:7      | Noticed a wizard
  6892 | D:7      | Killed a wizard
  6932 | D:7      | Got a jewelled whip
  6933 | D:7      | Identified the +6 whip of the Heavens {vorpal, *Rage +Blink
                  | rElec rC+} (You found it on level 7 of the Dungeon)
  6956 | D:7      | Found a runed translucent door.
  6956 | D:7      | Noticed SamuraiZach's ghost (novice TrFi)
  6964 | D:7      | Noticed a hippogriff
  6965 | D:7      | Noticed Harold
  6977 | D:7      | Killed a hippogriff
  6977 | D:7      | Reached skill level 1 in Dodging
  7197 | D:8      | Found a sand-covered staircase.
  7205 | Ossuary  | Entered an ossuary
  7477 | D:8      | Paralysed by fainting for 10 turns
  7559 | D:8      | Reached XP level 10. HP: 65/70 MP: 14/14
  7561 | D:8      | Noticed Gastronok
  7580 | D:8      | Reached **** piety under Makhleb
  7580 | D:8      | Noticed Maurice
  7584 | D:8      | You fall into a shaft and drop 1 floor!
  7754 | D:9      | Noticed a two-headed ogre
  7921 | D:8      | Reached skill level 5 in Armour
  8007 | D:8      | Slain by Gastronok

Illustrated notes

Levels and vault maps discovered:
D:1:      lemuel_arrival_river_bridge, layout_basic, minmay_bisected
D:2:      layout_loops_ring, first_ration, serial_bayou_ford_a,
          makhleb_altar_promises_db, uniq_sigmund, uniq_robin,
          uniq_crazy_yiuf_cottage
D:3:      corexii_shack_village, layout_loops_corners,
          nicolae_overflow_crystal_walls, gammafunk_ghost_mausoleum
D:4:      layout_loops_cross, vehumet_statue
D:5:      layout_basic, tso_altar, tgw_xom, serial_shops, nicolae_shop_stone,
          minmay_misc_feat_iff, supply_closet_lemuel, minmay_ruined_shrine
D:6:      layout_basic, kennysheep_vampire_church, minmay_puff
D:7:      layout_rooms, lemuel_round_altar, kennysheep_little_box,
          minmay_temple_entry_tees, hellmonk_ghost_happy_afterlife, trog_wizard,
          uniq_harold
D:8:      layout_basic, erik_lair_island, nicolae_ossuary_entry_giza,
          uniq_pikel, uniq_gastronok, uniq_maurice
D:9:      minmay_the_grid_triangle_9x9_rhombus_full
          [minmay_the_grid_triangle_9x9_minimal,
          minmay_the_grid_triangle_9x9_wacky_v,
          minmay_the_grid_triangle_9x9_tough_junction,
          minmay_the_grid_triangle_9x9_checkered,
          minmay_the_grid_triangle_9x9_flanged_cone,
          minmay_the_grid_triangle_9x9_zippers_horizontal,
          minmay_the_grid_triangle_9x9_semitri,
          minmay_the_grid_triangle_9x9_prize_special], layout_cave_pools,
          lemuel_doored_altar, old_standard_altar, lemuel_round_altar,
          the_bakery, bh_circular_ruins

Skill      XL: |  1  2  3  4  5  6  7  8  9 10 |
---------------+-------------------------------+-----
Shields        | 4 5 6 7 9 |  9.0
Axes           | 4 5 6 7 9 |  9.5
Invocations    | 3 6 7 |  7.0
Dodging        | 2 |  2.8
Armour         | 4 5 |  5.0
Fighting       | |  3.2

Action                   |  1- 3 |  4- 6 |  7- 9 | 10-12 || total
-------------------------+-------+-------+-------+-------++-------
Melee: War axe           |    82 |   149 |     9 |       ||   240
       Flail             |       |       |   441 |    81 ||   522
Invok: Minor Destruction |       |       |     8 |     3 ||    11
       Lesser Servant of |       |       |     2 |     1 ||     3
 Abil: Dig               |       |     1 |     4 |     1 ||     6
       Shaft Self        |       |     1 |       |     2 ||     3
Evoke: Wand              |       |       |       |     2 ||     2
  Use: Scroll            |     5 |     3 |       |       ||     8
       Potion            |       |       |     1 |     1 ||     2
  Eat: Chunk             |       |     5 |    17 |     2 ||    24
       Ration            |       |     1 |       |       ||     1
Armor: Scale mail        |    31 |    90 |    86 |       ||   207
       Plate armour      |       |       |    79 |    68 ||   147
Dodge: Dodged            |    26 |    66 |   122 |    43 ||   257
Block: Kite shield       |    42 |   123 |   282 |    72 ||   519
